 Dungeon Crawl Stone Soup version 0.29.0-4-gdea44cf6ec (webtiles) character file.

Game seed: 15406963974386999118

392 qw the Sneak (level 6, -3/37 HPs)
             Began as a Gargoyle Delver on Sept 10, 2022.
             Slain by a gnoll
             ... wielding a +0 spear
             ... led by a gnoll sergeant
              (6 damage)
             ... on level 5 of the Dungeon.
             The game lasted 00:01:48 (5600 turns).

qw the Sneak (Gargoyle Delver)                      Turns: 5600, Time: 00:01:48

Health: -3/37      AC: 19    Str: 18    XL:     6   Next: 81%
Magic:  6/6        EV:  5    Int: 10    God:
Gold:   199        SH:  0    Dex: 11    Spells: 5/5 levels left

rFire   . . .      SeeInvis .   Y - +0 war axe
rCold   . . .      Faith    .   (no shield)
rNeg    + . .      Spirit   .   q - +0 plate armour
rPois   inf        Reflect  .   e - +1 helmet
rElec   +          Harm     .   j - scarf {repulsion}
rCorr   .          Rampage  .   (no gloves)
Will    .....                   i - +0 pair of boots
Stlth   ..........              m - amulet of regeneration
HPRegen 0.92/turn               (no ring)
MPRegen 0.10/turn               (no ring)

@: repel missiles
A: sickness immunity, AC +4, negative energy resistance 1, electricity
resistance, torment resistance 1, petrification resistance
a: no special abilities


You were on level 5 of the Dungeon.
You visited 2 branches of the dungeon, and saw 6 of its levels.

You collected 199 gold pieces.


Innate Abilities, Weirdness & Mutations

You are immune to sickness and miasma.
Your stone body is resilient. (AC +4)
You are immune to poison.
You resist negative energy. (rN+)
You are resistant to electric shocks. (rElec)
You are resistant to unholy torment.
You are immune to petrification.


   Skills:
 + Level 3.5 Fighting
 - Level 5.0 Axes
 - Level 1.1 Throwing
 - Level 3.9 Armour
 - Level 1.5 Dodging
 - Level 5.4 Stealth


You had 5 spell levels left.
You didn't know any spells.
Your spell library was empty.

Inventory:

Hand Weapons
 s - a +0 flail
 Y - a +0 war axe (weapon)
Missiles
 o - 3 boomerangs (quivered)
Armour
 e - a +1 helmet (worn)
 i - a +0 pair of boots (worn)
 j - a scarf of repulsion (worn)
 q - a +0 plate armour (worn)
Jewellery
 a - a ring of ice
 m - an amulet of regeneration (around neck)
Wands
 g - a wand of digging (3)
Scrolls
 n - 2 scrolls of identify
Potions
 d - a potion of might
 f - a potion of haste
 k - a potion of cancellation
 l - a potion of curing

Dungeon Overview and Level Annotations

Branches:
Dungeon (5/15)             Temple (1/1) D:4

Altars:
Cheibriados
Elyvilon
Gozag
Hepliaklqana
Nemelex Xobeh
Qazlal
Ru
Sif Muna
Vehumet
Wu Jian
Xom
Zin
The Shining One

Annotations:
D:4 1 runed translucent door, qw's ghost, weakling GrDe


Message History

The gnoll shouts!
You hit the gnoll.
The gnoll is lightly wounded.
The gnoll barely misses you.
The gnoll sergeant hits you but does no damage.
You closely miss the gnoll.
The gnoll is lightly wounded.
The gnoll hits you but does no damage. The gnoll sergeant barely misses you.
The gnoll sergeant hits you from afar with a +4 spear of venom!
The gnoll barely misses you.
You slash the gnoll!
You kill the gnoll!
The gnoll sergeant barely misses you. The gnoll hits you but does no damage.
The gnoll sergeant hits you with a +4 spear of venom.
The gnoll hits you from afar with a +0 spear.
Things that are here:
a +0 club; a +0 whip You hit the gnoll sergeant but do no damage.
You barely miss the gnoll. The gnoll hits you but does no damage.
The gnoll sergeant hits you but does no damage.
The gnoll hits you from afar with a +0 spear.
You closely miss the gnoll sergeant. You closely miss the gnoll.
The gnoll sergeant hits you but does no damage.
The gnoll hits you but does no damage. x2; The gnoll barely misses you. x2
The gnoll sergeant closely misses you.
You barely miss the gnoll sergeant. You slash the gnoll!
The gnoll hits you but does no damage. x2
The gnoll sergeant hits you but does no damage.
You slash the gnoll!
You kill the gnoll!
You hit the gnoll sergeant. The gnoll hits you but does no damage.
The gnoll sergeant hits you with a +4 spear of venom.
You barely miss the gnoll sergeant.
The gnoll sergeant is lightly wounded.
The gnoll sergeant barely misses you.
The gnoll hits you from afar with a +0 spear.
You die...

.........##
.......#..#
......###.##
.....## ##.##
....## ##.##
...## ##...##
.### #.....## ##
#......####
#.....#..@g#
#...##...))g...#
#.##
#..####..... ##
#..# ###. #..##
#..# ... #..#


You could see a gnoll sergeant and a gnoll.

Vanquished Creatures
  An ogre (D:5)
  3 hounds
  An iguana (D:4)
  6 adders
  4 gnolls (D:5)
  A worm (D:2)
  3 dart slugs
  4 orcs
  8 ball pythons
  4 bats
  7 endoplasms
  A giant cockroach (D:4)
  8 goblins
  9 hobgoblins
  9 jackals
  3 quokkas
  6 frilled lizards
  5 kobolds
  7 rats
90 creatures vanquished.

Notes
Turn   | Place    | Note
-------+----------+-------------------------------------------
     0 | D:5      | qw the Gargoyle Delver began the quest for the Orb.
     0 | D:5      | Reached XP level 1. HP: 14/14 MP: 1/1
     0 | D:5      | 0 ||| qw: Version: 0.1-a-116-g5d60599
     0 | D:5      | 0 ||| qw: Game counter: 9451
     0 | D:5      | 0 ||| qw: Always use a shield: true
     0 | D:5      | 0 ||| qw: God list: Okawaru
     0 | D:5      | 0 ||| qw: Allow faded altars: false
     0 | D:5      | 0 ||| qw: Do Orc after D:15 true
     0 | D:5      | 0 ||| qw: Do second Lair branch before Depths: true
     0 | D:5      | 0 ||| qw: Lair rune preference: random
     0 | D:5      | 0 ||| qw: Plans: Normal
     0 | D:5      | 0 ||| PLANNING D:1-11
    14 | D:5      | 14 ||| DROPPING scroll of fog.
    15 | D:5      | 15 ||| DROPPING scroll of magic mapping.
    16 | D:5      | 16 ||| DROPPING scroll of fear.
   472 | D:4      | Found a staircase to the Ecumenical Temple.
   473 | D:4      | 473 ||| PLANNING TEMPLE
   473 | D:4      | 473 ||| Stepping ~*~*~tactically~*~*~ (hiding).
   578 | Temple   | Entered the Ecumenical Temple
   867 | Temple   | 867 ||| PLANNING D:1-11
   901 | D:4      | 901 ||| Stepping ~*~*~tactically~*~*~ (hiding).
  1003 | D:4      | 1003 ||| Stepping ~*~*~tactically~*~*~ (hiding).
  1018 | D:4      | Reached XP level 2. HP: 19/19 MP: 2/2
  1044 | D:4      | Reached skill level 3 in Axes
  1044 | D:4      | Reached XP level 3. HP: 18/23 MP: 3/3
  1137 | D:4      | 1137 ||| UPGRADING to +0 helmet.
  1276 | D:3      | 1276 ||| Stepping ~*~*~tactically~*~*~ (stealth).
  1279 | D:3      | 1279 ||| Stepping ~*~*~tactically~*~*~ (stealth).
  1281 | D:3      | 1281 ||| Stepping ~*~*~tactically~*~*~ (stealth).
  1283 | D:3      | 1283 ||| Stepping ~*~*~tactically~*~*~ (stealth).
  1612 | D:3      | Reached XP level 4. HP: 23/28 MP: 4/4
  1664 | D:3      | 1664 ||| READING scroll labelled HID KEIVOL.
  1665 | D:3      | 1665 ||| READING scroll labelled YKHUODGHAWNU.
  1666 | D:3      | 1666 ||| DRINKING 2 fuming purple potions.
  1667 | D:3      | 1667 ||| DRINKING 2 clear potions.
  1668 | D:3      | 1668 ||| DROPPING potion of flight.
  1700 | D:2      | 1700 ||| UPGRADING to +0 ring mail.
  1710 | D:2      | 1710 ||| DROPPING +0 leather armour.
  1713 | D:2      | Found a glowing golden altar of the Shining One.
  1715 | D:2      | 1715 ||| Stepping ~*~*~tactically~*~*~ (stealth).
  1718 | D:2      | 1718 ||| Stepping ~*~*~tactically~*~*~ (stealth).
  1720 | D:2      | 1720 ||| Stepping ~*~*~tactically~*~*~ (stealth).
  1721 | D:2      | 1721 ||| Stepping ~*~*~tactically~*~*~ (stealth).
  1722 | D:2      | 1722 ||| Stepping ~*~*~tactically~*~*~ (stealth).
  1723 | D:2      | 1723 ||| Stepping ~*~*~tactically~*~*~ (stealth).
  1724 | D:2      | 1724 ||| Stepping ~*~*~tactically~*~*~ (stealth).
  1778 | D:1      | 1778 ||| Stepping ~*~*~tactically~*~*~ (stealth).
  1781 | D:1      | 1781 ||| Stepping ~*~*~tactically~*~*~ (stealth).
  1782 | D:1      | 1782 ||| Stepping ~*~*~tactically~*~*~ (stealth).
  1797 | D:1      | 1797 ||| Stepping ~*~*~tactically~*~*~ (stealth).
  1799 | D:1      | 1799 ||| Stepping ~*~*~tactically~*~*~ (stealth).
  1801 | D:1      | 1801 ||| Stepping ~*~*~tactically~*~*~ (stealth).
  1806 | D:1      | 1806 ||| Stepping ~*~*~tactically~*~*~ (stealth).
  1807 | D:1      | 1807 ||| Stepping ~*~*~tactically~*~*~ (stealth).
  1808 | D:1      | 1808 ||| Stepping ~*~*~tactically~*~*~ (stealth).
  1819 | D:1      | 1819 ||| Stepping ~*~*~tactically~*~*~ (stealth).
  1840 | D:1      | 1840 ||| Stepping ~*~*~tactically~*~*~ (stealth).
  1876 | D:1      | 1876 ||| Stepping ~*~*~tactically~*~*~ (stealth).
  1880 | D:1      | 1880 ||| Stepping ~*~*~tactically~*~*~ (stealth).
  1881 | D:1      | 1881 ||| Stepping ~*~*~tactically~*~*~ (stealth).
  1889 | D:1      | Reached skill level 1 in Armour
  1889 | D:1      | 1889 ||| Stepping ~*~*~tactically~*~*~ (stealth).
  2220 | D:1      | 2220 ||| Stepping ~*~*~tactically~*~*~ (stealth).
  2222 | D:1      | 2222 ||| Stepping ~*~*~tactically~*~*~ (stealth).
  2223 | D:1      | 2223 ||| Stepping ~*~*~tactically~*~*~ (stealth).
  2224 | D:1      | 2224 ||| Stepping ~*~*~tactically~*~*~ (stealth).
  2225 | D:1      | 2225 ||| Stepping ~*~*~tactically~*~*~ (stealth).
  2227 | D:1      | 2227 ||| Stepping ~*~*~tactically~*~*~ (stealth).
  2235 | D:1      | 2235 ||| Stepping ~*~*~tactically~*~*~ (stealth).
  2236 | D:1      | 2236 ||| Stepping ~*~*~tactically~*~*~ (stealth).
  2338 | D:1      | 2338 ||| SWAPPING to +0 war axe.
  2339 | D:1      | 2339 ||| DROPPING +0 hand axe.
  2451 | D:1      | 2451 ||| Stepping ~*~*~tactically~*~*~ (stealth).
  2714 | D:1      | 2714 ||| UPGRADING to +0 pair of boots.
  2719 | D:1      | 2719 ||| READING scroll labelled BIZI LA CAPRAMODEA.
  2720 | D:1      | 2720 ||| READING scroll labelled EQUSUN PALO.
  2721 | D:1      | 2721 ||| DRINKING 2 fuming blue potions.
  2860 | D:2      | Reached XP level 5. HP: 31/32 MP: 5/5
  2932 | D:2      | 2932 ||| Stepping ~*~*~tactically~*~*~ (hiding).
  3034 | D:2      | 3034 ||| Stepping ~*~*~tactically~*~*~ (hiding).
  3136 | D:2      | 3136 ||| Stepping ~*~*~tactically~*~*~ (hiding).
  3238 | D:2      | 3238 ||| Stepping ~*~*~tactically~*~*~ (hiding).
  3340 | D:2      | 3340 ||| Stepping ~*~*~tactically~*~*~ (hiding).
  3442 | D:2      | 3442 ||| Stepping ~*~*~tactically~*~*~ (hiding).
  3544 | D:2      | 3544 ||| Stepping ~*~*~tactically~*~*~ (hiding).
  3646 | D:2      | 3646 ||| Stepping ~*~*~tactically~*~*~ (hiding).
  3748 | D:2      | 3748 ||| Stepping ~*~*~tactically~*~*~ (hiding).
  4224 | D:2      | 4224 ||| Stepping ~*~*~tactically~*~*~ (stealth).
  4296 | D:2      | 4296 ||| UPGRADING to amulet of regeneration.
  4301 | D:2      | 4301 ||| DRINKING 2 smoky amethyst potions.
  4302 | D:2      | 4302 ||| READING 2 scrolls of identify.
  4302 | D:2      | 4302 ||| IDENTIFYING bubbling cyan potion
  4303 | D:2      | 4303 ||| DROPPING potion of magic.
  4304 | D:2      | 4304 ||| DROPPING potion of berserk rage.
  4313 | D:2      | 4313 ||| Stepping ~*~*~tactically~*~*~ (stealth).
  4315 | D:2      | 4315 ||| Stepping ~*~*~tactically~*~*~ (stealth).
  4317 | D:2      | 4317 ||| Stepping ~*~*~tactically~*~*~ (stealth).
  4319 | D:2      | 4319 ||| Stepping ~*~*~tactically~*~*~ (stealth).
  4321 | D:2      | 4321 ||| Stepping ~*~*~tactically~*~*~ (stealth).
  4323 | D:2      | 4323 ||| Stepping ~*~*~tactically~*~*~ (stealth).
  4325 | D:2      | 4325 ||| Stepping ~*~*~tactically~*~*~ (stealth).
  4397 | D:3      | 4397 ||| Stepping ~*~*~tactically~*~*~ (stealth).
  4409 | D:3      | Reached skill level 1 in Throwing
  4506 | D:3      | Found a faded altar of an unknown god.
  4534 | D:3      | 4534 ||| Stepping ~*~*~tactically~*~*~ (stealth).
  4536 | D:3      | 4536 ||| Stepping ~*~*~tactically~*~*~ (stealth).
  4538 | D:3      | 4538 ||| Stepping ~*~*~tactically~*~*~ (stealth).
  4626 | D:3      | 4626 ||| Stepping ~*~*~tactically~*~*~ (stealth).
  4721 | D:3      | 4721 ||| READING scroll labelled QAPRYRPH HYKIW.
  4722 | D:3      | 4722 ||| DRINKING 2 red potions.
  4795 | D:4      | 4795 ||| Stepping ~*~*~tactically~*~*~ (stealth).
  4796 | D:4      | 4796 ||| Stepping ~*~*~tactically~*~*~ (stealth).
  4798 | D:4      | 4798 ||| Stepping ~*~*~tactically~*~*~ (stealth).
  4814 | D:4      | Found a runed translucent door.
  4938 | D:4      | Noticed qw's ghost (weakling GrDe)
  5024 | D:4      | 5024 ||| DROPPING +0 mace.
  5096 | D:4      | 5096 ||| UPGRADING to scarf of repulsion.
  5101 | D:4      | 5101 ||| UPGRADING to +0 plate armour.
  5111 | D:4      | 5111 ||| DROPPING +0 ring mail.
  5112 | D:4      | 5112 ||| READING scroll labelled NAOTIE BONN.
  5119 | D:4      | 5119 ||| READING scroll labelled KEHYKL RAUTHY.
  5120 | D:4      | 5120 ||| READING scroll labelled WALOMY ZOUZ.
  5146 | D:5      | Reached XP level 6. HP: 37/37 MP: 6/6
  5331 | D:5      | 5331 ||| READING scroll of enchant armour.
  5331 | D:5      | 5331 ||| ENCHANTING +0 helmet.
  5359 | D:5      | HP: 1/37 [ogre/+0 giant club (15)]
  5361 | D:5      | Reached skill level 3 in Armour
  5593 | D:5      | HP: 8/37 [gnoll sergeant/+4 spear of venom (8)]
  5596 | D:5      | HP: 2/37 [gnoll/+0 spear[a gnoll sergeant] (5)]
  5600 | D:5      | Slain by a gnoll

Levels and vault maps discovered:
D:1:      nicolae_arrival_somewhat_less_tricky_arrival, layout_basic
D:2:      layout_loops_cross, basic_altar, kennysheep_cross_room
D:3:      layout_loops_cross, basic_ecumenical_altar, st_stairs_1
D:4:      layout_cave_pools, minmay_temple_entry_tees, ebering_ghost_sewer_d
D:5:      layout_cave_pods, uniq_crazy_yiuf_cottage, uniq_ijyb
Temple:   minmay_temple_forest_path

Skill      XL: |  1  2  3  4  5  6 |
---------------+-------------------+-----
Axes           | 2 3 4 5 |  5.0
Armour         | 1 2 3 |  3.9
Throwing       | 1 |  1.1
Fighting       | |  3.5
Dodging        | |  1.5
Stealth        | |  5.4

Action                   |  1- 3 |  4- 6 || total
-------------------------+-------+-------++-------
Melee: Hand axe          |    74 |    71 ||   145
       Punch             |     1 |     2 ||     3
       War axe           |       |   131 ||   131
Throw: Javelin           |       |    39 ||    39
       Boomerang         |       |     2 ||     2
  Use: Scroll            |       |    10 ||    10
       Potion            |       |     5 ||     5
 Stab: Sleeping          |     2 |       ||     2
Armor: Leather armour    |    21 |     3 ||    24
       Ring mail         |       |    56 ||    56
       Plate armour      |       |    55 ||    55
Dodge: Dodged            |    40 |   107 ||   147

Table legend:
 A = Non-vault XP
 B = Vault XP
 C = Vault XP percentage of total XP
 D = Non-vault monster count
 E = Vault monster count
 F = Vault count percentage of total count
                 A         B        C        D         E       F
            +---------+---------+-------+---------+---------+-------
      Total |     557 |       4 |   0.7 |      87 |       3 |   3.3
            +---------+---------+-------+---------+---------+-------
        D:1 |      52 |       0 |   0.0 |      31 |       0 |   0.0
        D:2 |      70 |       0 |   0.0 |      18 |       0 |   0.0
        D:3 |      53 |       4 |   7.0 |      16 |       3 |  15.8
        D:4 |      98 |       0 |   0.0 |      11 |       0 |   0.0
        D:5 |     284 |       0 |   0.0 |      11 |       0 |   0.0
            +---------+---------+-------+---------+---------+-------
